Map: Goldenaura LE

Players

VITSolar (Solar) - Winner!

  • Race: Zerg Zerg
  • League: Master
  • Spawn Location: 12:00

Nitix

  • Race: Zerg Zerg
  • Spawn Location: 5:00

Event: Bellum Gens Elite Stara Zagora 2024

VOD

Have the link to the VOD?

Description

Time

  • Played on: Sept. 5, 2024, 2:02 p.m.
  • Length: 8:39

All games in this series

Show
View Real Time Build Order
Export as new Build Order

VITSolar Zerg - Winner!

Build Orders: Hatch First 

Get SALT Encoding   

  12  0:00  Drone  
  13  0:13  Overlord  
  13  0:18  Drone  
  14  0:32  Drone x2  
  16  0:49  Hatchery  
  15  0:53  Drone  
  15  0:57  Drone  
  17  1:00  Drone  
  18  1:11  Extractor  
  17  1:16  Spawning Pool  
  16  1:19  Drone  
  16  1:23  Drone  
  18  1:29  Drone  
  19  1:40  Drone  
  20  1:50  Drone  
  21  2:02  Queen x2  
  21  2:03  Zergling x2  
  21  2:04  Overlord  
  26  2:12  Metabolic Boost  
  26  2:13  Drone x2  
  28  2:23  Drone  
  28  2:24  Drone  
  30  2:36  Hatchery  
  29  2:37  Zergling x2  
  30  2:46  Zergling x2  
  30  2:47  Baneling Nest  
  30  2:52  Overlord  
  30  2:54  Drone  
  30  2:59  Drone  
  30  3:00  Drone  
  32  3:10  Spore Crawler  
  32  3:11  Drone x3  
  35  3:13  Queen  
  35  3:17  Zergling x2  
  35  3:18  Zergling x2  
  39  3:22  Overlord  
  39  3:24  Drone  
  40  3:27  Drone  
  40  3:30  Zergling x2  
  40  3:31  Drone  
  43  3:41  Roach Warren, Drone x2  
  43  3:45  Drone x2  
  43  3:47  Drone  
  47  3:49  Drone  
  47  3:53  Overlord  
  48  3:56  Drone x2  
  48  3:59  Extractor  
  49  4:02  Extractor  
  49  4:04  Drone x2, Evolution Chamber  
  49  4:08  Drone  
  50  4:10  Drone  
  50  4:13  Drone x2  
  53  4:17  Drone x3  
  53  4:19  Drone x2  
  53  4:21  Drone  
  59  4:24  Roach  
  59  4:26  Overlord  
  59  4:30  Zerg Missile Weapons Level 1  
  61  4:31  Roach  
  61  4:34  Roach  
  65  4:38  Lair  
  65  4:40  Drone  
  65  4:41  Overlord  
  65  4:46  Roach x2  
  65  4:48  Drone, Extractor  
  65  4:52  Drone x3  
  72  4:55  Overlord  
  72  4:57  Overlord  
  72  5:00  Roach  
  72  5:02  Roach  
  72  5:04  Roach  
  78  5:07  Overlord  
  78  5:12  Roach  
  78  5:13  Roach  
  81  5:14  Overlord  
  81  5:18  Drone x2  
  81  5:20  Roach x2  
  87  5:24  Roach  
  87  5:25  Roach x2  
  87  5:27  Drone x2  
  95  5:29  Drone  
  95  5:31  Drone x2  
  95  5:32  Extractor  
  97  5:37  Glial Reconstitution  
  97  5:38  Overseer  
  97  5:41  Baneling x5  
  96  5:43  Drone x3  
  96  5:44  Drone  
  96  5:48  Drone x2  
  96  5:49  Drone  
  103  5:51  Pneumatized Carapace  
  103  5:55  Overlord  
  103  5:58  Drone x2  
  103  5:59  Drone, Extractor  
  103  6:00  Drone  
  104  6:05  Overlord  
  104  6:07  Overlord  
  104  6:11  Overlord  
  98  6:20  Roach x5  
  98  6:24  Roach  
  98  6:25  Roach  
  106  6:28  Hatchery  
  106  6:29  Roach x2  
  106  6:32  Roach x3  
  111  6:39  Evolution Chamber  
  110  6:43  Roach x4  
  118  6:49  Overlord  
  118  6:50  Roach x2  
  122  6:54  Ravager  
  122  6:55  Ravager x3  
  122  6:57  Roach x4  
  122  7:01  Roach x2  
  138  7:06  Overlord x2  
  138  7:12  Roach x2  
  138  7:13  Roach  
  144  7:15  Roach  
  144  7:17  Roach x2  
  144  7:20  Roach x2  
  152  7:25  Roach x3  
  152  7:29  Overlord, Ravager  
  159  7:36  Roach x4  
  166  7:42  Roach  
  168  7:45  Overlord  
  168  7:47  Queen  
  170  7:55  Roach x3  
  176  8:03  Overlord  
  176  8:04  Roach x4  
  184  8:17  Overlord  
  184  8:20  Overlord  
Show
View Real Time Build Order
Export as new Build Order

Nitix Zerg 

Build Orders: Hatch First 

Get SALT Encoding   

  12  0:01  Drone  
  13  0:12  Overlord  
  13  0:17  Drone  
  14  0:31  Drone x2  
  16  0:48  Hatchery  
  15  0:52  Drone  
  15  0:55  Drone  
  17  0:58  Drone  
  18  1:09  Extractor  
  17  1:14  Spawning Pool  
  17  1:17  Drone  
  17  1:20  Drone  
  18  1:28  Drone  
  19  1:45  Drone  
  20  1:51  Overlord  
  20  2:01  Queen x2  
  20  2:02  Zergling x4  
  26  2:08  Metabolic Boost  
  26  2:11  Drone  
  26  2:12  Drone  
  28  2:21  Drone  
  28  2:22  Drone  
  30  2:40  Hatchery  
  29  2:50  Drone x2  
  31  2:54  Overlord, Baneling Nest  
  31  2:55  Drone  
  31  3:05  Overlord  
  31  3:06  Overlord  
  30  3:15  Zergling x6  
  30  3:16  Zergling x2  
  33  3:21  Drone  
  33  3:22  Drone  
  35  3:31  Drone x3  
  38  3:37  Drone x2  
  38  3:38  Queen  
  42  3:46  Drone  
  43  3:48  Drone x2  
  43  3:50  Roach Warren  
  43  3:54  Drone x2  
  46  3:57  Drone  
  46  3:58  Drone  
  46  4:01  Drone x2  
  49  4:11  Baneling  
  49  4:13  Drone x3, Extractor  
  49  4:14  Extractor  
  50  4:19  Drone x6  
  56  4:24  Baneling  
  56  4:27  Zergling x4  
  57  4:35  Evolution Chamber  
  56  4:39  Drone  
  56  4:43  Lair  
  57  4:53  Overlord  
  57  4:54  Overlord x4  
  57  5:03  Zerg Missile Weapons Level 1  
  57  5:12  Drone  
  57  5:13  Drone x11  
  69  5:20  Extractor  
  68  5:25  Drone x5  
  68  5:27  Pneumatized Carapace  
  74  5:30  Overlord  
  74  5:34  Spine Crawler  
  74  5:35  Spine Crawler x2  
  69  5:36  Roach x3  
  69  5:38  Spine Crawler  
  69  5:40  Roach x2  
  79  5:44  Roach x2  
  83  5:51  Roach x4  
  94  5:57  Roach x3  
  94  6:03  Roach x4  
  84  6:12  Roach x3  
  84  6:24  Roach x2  
  84  6:25  Roach x2  
  86  6:28  Drone  
  86  6:29  Drone  
  86  6:31  Glial Reconstitution  
  88  6:35  Extractor  
  88  6:36  Drone x2  
  88  6:39  Queen  
  91  6:48  Drone x3  
  91  6:53  Overseer  
  94  6:55  Drone  
  95  7:06  Drone x2  
  97  7:10  Drone x3, Evolution Chamber  
  97  7:14  Extractor x2  
  97  7:18  Overlord x2  
  97  7:19  Drone  
  98  7:29  Overlord  
  98  7:30  Overlord x4  
  98  7:36  Overlord  
  98  7:40  Roach  
  100  7:50  Roach x5  
  100  7:51  Ravager, Roach x2  
  114  7:52  Ravager  
  114  7:57  Roach x4  
  124  7:59  Ravager x2  
  126  8:08  Roach x3  
  132  8:14  Roach x4  
  132  8:15  Roach  
Tags
 
Add a new tag
Caveats
  • Supply blocks, unpowered buildings, or Contaminate may cause inaccurate times.
  • Supply counts are checked every 10 seconds.